 Dungeon Crawl Stone Soup version 0.30-a0-939-gc8157cb160 (webtiles) character file.

Game seed: 6457916206104891120

74547 greasedhog the Blocker (level 15, -2/120 (122) HPs)
             Began as a Gnoll Fighter on Mar 25, 2023.
             Was a High Priest of Okawaru.
             Killed by divine providence
             ... invoked by an orc high priest
              (11 damage)
             ... on level 2 of the Orcish Mines.
             The game lasted 00:45:30 (24790 turns).

greasedhog the Blocker (Gnoll Fighter)             Turns: 24790, Time: 00:45:30

HP:   -2/120 (122)  AC: 22    Str: 22    XL:     15   Next: 47%
MP:   1/29          EV:  8    Int:  9    God:    Okawaru [*****.]
Gold: 1401          SH: 22    Dex: 11    Spells: 35/35 levels left

rFire   + . .      SeeInvis .    d - +9 broad axe (drain)
rCold   . . .      Faith    .    e - +1 tower shield {rPois}
rNeg    . . .      Spirit   .    m - +0 plate armour
rPois   +          Reflect  +    q - +0 helmet
rElec   +          Rampage  .    P - +0 cloak {rCorr}
rCorr   +                        t - +1 pair of gloves {infuse}
Will    ++...                    V - +0 pair of boots Stlth
                                 y - amulet of reflection
HPRegen 0.40/turn                O - ring "Tuaryos" {Fly rElec Will+}
MPRegen 0.21/turn                Y - ring of protection from fire

@: flying, lightly drained
A: fangs 1, strong nose, distributed training
a: Renounce Religion, Heroism, Finesse, Duel


You were on level 2 of the Orcish Mines.
You worshipped Okawaru.
Okawaru was extremely pleased with you.
You visited 4 branches of the dungeon, and saw 19 of its levels.
You also visited: Ossuary and Gauntlet.

You collected 1830 gold pieces.
You spent 429 gold pieces at shops.

Inventory:

Hand Weapons
 d - a +9 broad axe of draining (weapon)
 R - a +0 war axe of flaming
Missiles
 j - 8 javelins
 k - 27 poisoned darts (quivered)
 E - 20 boomerangs
 G - 12 silver javelins
Armour
 e - a +1 tower shield of poison resistance (worn)
 m - a +0 plate armour (worn)
 q - a +0 helmet (worn)
 t - a +1 pair of gloves of infusion (worn)
 P - a +0 cloak of preservation (worn)
 V - a +0 pair of boots (worn)
Jewellery
 v - a ring of resist corrosion
 y - an amulet of reflection (around neck)
 I - a +6 ring of strength
 L - a ring of willpower
 O - the ring "Tuaryos" (left hand) {Fly rElec Will+}
   (You bought it in a shop on level 3 of the Dungeon)

   [ring of flight]

   rElec:     It insulates you from electricity.
   Fly:       It grants you flight.
   Will:      It increases your willpower.
 Q - the ring "Zytuocaib" {Wiz rElec Will+ rCorr Dex-4}
   (You took it off a minotaur in a Gauntlet)

   [ring of wizardry]

   It improves your spell success rate.
   Dex:       It affects your dexterity (-4).
   rElec:     It insulates you from electricity.
   rCorr:     It protects you from acid and corrosion.
   Will:      It increases your willpower.
 Y - a ring of protection from fire (right hand)
Wands
 u - a wand of acid (7)
 w - a wand of iceblast (17)
 T - a wand of flame (22)
 U - a wand of mindburst (23)
 W - a wand of paralysis (15)
 X - a wand of polymorph (1)
Scrolls
 c - 2 scrolls of poison
 i - 4 scrolls of teleportation
 n - 5 scrolls of magic mapping
 o - 2 scrolls of identify
 p - 3 scrolls of immolation
 r - 3 scrolls of fog {unknown}
 D - a scroll of silence
 F - a scroll of fear
 M - 2 scrolls of enchant armour {unknown}
 N - 2 scrolls of blinking
 S - 4 scrolls of amnesia
 Z - 2 scrolls of enchant weapon
Potions
 a - 2 potions of curing
 b - 3 potions of mutation
 f - 2 potions of resistance
 g - 4 potions of invisibility
 h - a potion of heal wounds
 l - 3 potions of lignification
 s - 2 potions of ambrosia
 x - 4 potions of haste
 z - 4 potions of attraction
 A - 3 potions of might
 B - 3 potions of flight
 C - 4 potions of cancellation
 H - a potion of berserk rage {unknown}
 J - 3 potions of brilliance {unknown}
 K - 2 potions of magic {unknown}


   Skills:
 + Level 12.3 Fighting
 + Level 10.6 Short Blades
 + Level 10.6 Long Blades
 + Level 11.5 Axes
 + Level 10.6 Maces & Flails
 + Level 10.6 Polearms
 + Level 10.6 Staves
 + Level 10.6 Ranged Weapons
 + Level 10.6 Throwing
 + Level 12.3 Armour
 + Level 10.6 Dodging
 + Level 10.6 Stealth
 + Level 12.3 Shields
 + Level 10.6 Unarmed Combat
 + Level 10.6 Spellcasting
 + Level 8.9 Conjurations
 + Level 8.9 Hexes
 + Level 8.9 Summonings
 + Level 8.9 Necromancy
 + Level 8.9 Translocations
 + Level 8.9 Transmutations
 + Level 8.9 Fire Magic
 + Level 8.9 Ice Magic
 + Level 8.9 Air Magic
 + Level 8.9 Earth Magic
 + Level 8.9 Poison Magic
 + Level 11.5 Invocations
 + Level 10.6 Evocations


You had 35 spell levels left.
You didn't know any spells.
Your spell library contained the following spells:

 Spells                   Type           Power      Damage    Failure   Level
 Apportation              Tloc           40%        N/A       19%         1
 Kiss of Death            Conj/Necr      80%        2d11      19%         1
 Magic Dart               Conj           80%        1d7       19%         1
 Shock                    Conj/Air       80%        1d8       19%         1
 Cigotuvi's Dreadful Rot  Necr/Pois/Air  40%        N/A       28%         2
 Ensorcelled Hibernation  Hex/Ice        40%        N/A       28%         2
 Passwall                 Tmut/Erth      16%        N/A       28%         2
 Poisonous Vapours        Pois/Air       40%        N/A       28%         2
 Scorch                   Fire           40%        2d7       28%         2
 Searing Ray              Conj           40%        2d5       28%         2
 Confusing Touch          Hex            20%        N/A       50%         3
 Dazzling Flash           Conj/Hex       40%        N/A       50%         3
 Mephitic Cloud           Conj/Pois/Air  20%        N/A       50%         3
 Ozocubu's Armour         Ice            20%        N/A       50%         3
 Swiftness                Air            20%        N/A       50%         3
 Teleport Other           Tloc           20%        N/A       50%         3
 Airstrike                Air            10%        2d(2-18)  88%         4
 Dispel Undead            Necr           20%        3d11      88%         4
 Flame Wave               Conj/Fire      20%        2d7       88%         4
 Ice Form                 Ice/Tmut       20%        N/A       88%         4
 Iskenderun's Mystic Bla  Conj/Tloc      20%        2d6       88%         4
 Olgreb's Toxic Radiance  Pois           20%        N/A       88%         4
 Alistair's Intoxication  Tmut/Pois      13%        N/A       99%         5
 Metabolic Englaciation   Hex/Ice        10%        N/A       99%         5
 Plasma Beam              Fire/Air       10%        2x1d23    99%         5
 Conjure Ball Lightning   Conj/Air       10%        3x3d6     100%        6
 Starburst                Conj/Fire      10%        6d5       100%        6
 Orb of Destruction       Conj           10%        9d6       100%        7
 Call Imp                 Summ           Unusable   N/A       N/A         2
 Summon Guardian Golem    Hex/Summ       Unusable   N/A       N/A         3
 Summon Ice Beast         Ice/Summ       Unusable   N/A       N/A         4
 Summon Lightning Spire   Summ/Air       Unusable   N/A       N/A         4
 Simulacrum               Ice/Necr       Unusable   N/A       N/A         6
 Summon Cactus Giant      Summ           Unusable   N/A       N/A         6
 Malign Gateway           Summ/Tloc      Unusable   N/A       N/A         7
 Spellforged Servitor     Conj/Summ      Unusable   N/A       N/A         7
 Summon Hydra             Summ           Unusable   N/A       N/A         7

Dungeon Overview and Level Annotations

Branches:
Dungeon (11/15)            Temple (1/1) D:7            Lair (5/5) D:10
  Swamp (0/4) Lair:3       Spider (0/4) Lair:2        Slime (0/5) Lair:4
    Orc (2/2) D:11            Elf (0/3) Orc:2       Ossuary (visited)
Gauntlet (visited)

Altars:
Ashenzari
Cheibriados
Dithmenos
Elyvilon
Fedhas
Gozag
Hepliaklqana
Kikubaaqudgha
Makhleb
Okawaru
Qazlal
Ru
Sif Muna
Trog
Uskayaw
Xom
Zin
The Shining One

Shops:
D:3 =   D:7 *   Orc:2 [[

Portals:
Abyss: Lair:2

Annotations:
D:6 2 transporters, Zonian's ghost, novice VSGl
Lair:2 2 transporters, somoking's ghost, journeyman GnHW
Lair:5 3 runed translucent doors, cforsyth's ghost, journeyman OgIE


Innate Abilities, Weirdness & Mutations

You have very sharp teeth.
Your uncanny sense of smell can sniff out nearby items.
Your experience applies equally to all skills.


Message History

The soul eater disappears in a puff of smoke!
You block the orange demon's attack. x2
You slash the orc high priest!
The orc high priest is moderately wounded.
The orc high priest hits you with a +0 morningstar.
You block the orange demon's attack.
You hit the orc high priest but do no damage.
The orc high priest is moderately wounded.
The orange demon disappears in a puff of smoke!
You block the orc high priest's attack.
You hit the orc high priest.
You bite the orc high priest, but do no damage.
The orc high priest is moderately wounded.
The orange demon disappears in a puff of smoke!
The orc high priest prays to Beogh.
You slash the orc high priest! You drain the orc high priest.
The orc high priest is heavily wounded.
You hit the ice devil. You block the orc high priest's attack.
The ice devil hits you. The ice devil freezes you!!
* * * LOW HITPOINT WARNING * * *
The orc high priest utters an invocation to Beogh.
Unknown command.
You hit the orc high priest. Your bite misses the orc high priest.
The orc high priest is severely wounded.
You closely miss the ice devil.
The hellwing disappears in a puff of smoke!
You block the ice devil's attack.
The orc high priest hits you with a +0 morningstar!
* * * LOW HITPOINT WARNING * * *
You closely miss the orc high priest.
The orc high priest is severely wounded.
You hit the ice devil. You block the ice devil's attack.
The orc high priest hits you but does no damage.
Unknown command.
You barely miss the orc high priest. Your bite misses the orc high priest.
The orc high priest is severely wounded.
You hit the ice devil. You block the ice devil's attack.
The orc high priest calls down the wrath of Beogh upon you.
Beogh smites you!
You die...

#........8.'......oo. #.# #
##..........)))....8.. #.#
..........8)))oo....oo #.#
..........)(#.8##+###o ##.#
...#.#....o.#### #..#
#.###........# ##..#
...###.#.....## ###..## #
..###...#.....##########...##
# .##
##.#.....4oo@4)......### # ##
####.#...4########### ##
###.......### #.
##..#.#......##### ##
##................# #
##....#.#..##.####.### ##
##....########.#_.#...## ###.
#......# #.#..#....# ##...
###....#####
#.#..#...######....


You could see an orc high priest (drained), 2 ice devils, a red devil (summoned)
and an orc.

Vanquished Creatures
  An orc warlord (Orc:2)
  A minotaur (Gauntlet)
  Erolcha (D:9)
  2 hydras (Lair:5)
  2 catoblepae (Lair:3)
  A merfolk avatar (Arena)
  2 two-headed ogres
  13 death yaks
  2 orc high priests (Orc:2)
  A soul eater (Gauntlet)
  A skyshark (Lair:5)
  A sea snake (Lair:5)
  A lindwurm (Lair:5)
  A bog body (Lair:3)
  2 harpies
  An orc knight (Orc:2)
  The ghost of bearlyready the Basher, a novice AtFi of Cheibriados (D:7)
  2 cyclopes (D:11)
  5 orc sorcerers
  3 manticores
  4 black mambas
  8 elephants
  A torpor snail (Lair:4)
  8 cane toads
  A gargoyle (D:11)
  A hellion (Gauntlet)
  3 rime drakes
  14 komodo dragons
  A freezing wraith (D:9)
  6 trolls
  2 polar bears (Lair:4)
  3 wind drakes
  3 hornets
  A snapping turtle (Lair:5)
  24 blink frogs
  A slime creature (D:7)
  A culicivora (Lair:2)
  2 jumping spiders (Lair:2)
  A vampire (D:11)
  2 wraiths
  2 shadows
  4 wyverns
  63 yaks
  Grum (D:8)
  2 steam dragons
  8 basilisks
  2 redbacks (Lair:2)
  Menkaure (D:7)
  2 wargs (Orc:2)
  14 two-headed ogre zombies (D:9)
  13 water moccasins
  35 orc warriors
  A sky beast (D:7)
  2 black bears
  A hornet zombie (Ossuary)
  7 ogres
  The ghost of Demosthentine the Ducker, an amateur DsGl of Hepliaklqana (D:3)
  15 wolves
  A centaur (D:10)
  3 phantoms
  3 kobold brigands
  15 bullfrogs
  2 water moccasin zombies (Ossuary)
  2 scorpions
  A wyvern zombie (Ossuary)
  9 wights
  14 killer bees
  4 centaur zombies (Ossuary)
  4 howler monkeys
  7 bullfrog zombies (Ossuary)
  3 hounds
  2 jellies
  17 orc priests
  A gnoll bouda (D:5)
  3 sleepcaps
  An iguana (D:5)
  14 orc wizards
  2 killer bee zombies (Ossuary)
  12 mummies (Ossuary)
  A howler monkey zombie (Ossuary)
  3 gnolls (D:5)
  6 adders
  4 shadow imps
  A white imp (D:5)
  3 ufetubi
  74 orcs
  5 ball pythons
  7 endoplasms
  2 giant cockroaches (D:3)
  6 goblins
  4 hobgoblins
  4 jackals (D:1)
  14 kobolds
  3 quokkas
  3 bats
  A frilled lizard (D:2)
  4 rats
570 creatures vanquished.

Vanquished Creatures (others)
  29 fungi
  38 plants
  9 withered plants (Ossuary)
76 creatures vanquished.

Grand Total: 646 creatures vanquished

Notes
Turn   | Place    | Note
-------+----------+-------------------------------------------
     0 | D:1      | greasedhog the Gnoll Fighter began the quest for the Orb.
     0 | D:1      | Reached XP level 1. HP: 23/23 MP: 1/1
    84 | D:1      | Reached XP level 2. HP: 25/29 MP: 2/2
   257 | D:1      | Found a faded altar of an unknown god.
   817 | D:2      | Reached XP level 3. HP: 29/35 MP: 3/3
  1049 | D:2      | Reached skill level 1 in Invocations
  1559 | D:3      | Found a large runed translucent door.
  1560 | D:3      | Found a large runed translucent door.
  1562 | D:3      | Noticed Demosthentine's ghost (amateur DsGl)
  1638 | D:3      | Reached skill level 1 in Short Blades
  1638 | D:3      | Reached skill level 1 in Long Blades
  1638 | D:3      | Reached skill level 1 in Maces & Flails
  1638 | D:3      | Reached skill level 1 in Polearms
  1638 | D:3      | Reached skill level 1 in Staves
  1638 | D:3      | Reached skill level 1 in Ranged Weapons
  1638 | D:3      | Reached skill level 1 in Throwing
  1638 | D:3      | Reached skill level 1 in Dodging
  1638 | D:3      | Reached skill level 1 in Stealth
  1638 | D:3      | Reached skill level 1 in Unarmed Combat
  1638 | D:3      | Reached skill level 1 in Spellcasting
  1638 | D:3      | Reached skill level 1 in Evocations
  1752 | D:3      | Found a white marble altar of Elyvilon.
  1788 | D:3      | Found Qoveibru's Jewellery Shoppe.
  1887 | D:3      | Reached XP level 4. HP: 41/41 MP: 5/5
  2188 | D:4      | Found an opulent altar of Gozag.
  2227 | D:4      | Got the Codex of Wintry Allies
  2260 | D:4      | Found a shadowy altar of Dithmenos.
  2336 | D:4      | Found a broken altar of Ashenzari.
  2349 | D:4      | Reached skill level 1 in Conjurations
  2349 | D:4      | Reached skill level 1 in Hexes
  2349 | D:4      | Reached skill level 1 in Summonings
  2349 | D:4      | Reached skill level 1 in Necromancy
  2349 | D:4      | Reached skill level 1 in Translocations
  2349 | D:4      | Reached skill level 1 in Transmutations
  2349 | D:4      | Reached skill level 1 in Fire Magic
  2349 | D:4      | Reached skill level 1 in Ice Magic
  2349 | D:4      | Reached skill level 1 in Air Magic
  2349 | D:4      | Reached skill level 1 in Earth Magic
  2349 | D:4      | Reached skill level 1 in Poison Magic
  2407 | D:4      | Found a sand-covered staircase.
  2414 | Ossuary  | Entered an ossuary
  2532 | Ossuary  | Reached XP level 5. HP: 45/47 MP: 5/7
  2550 | Ossuary  | Reached skill level 5 in Axes
  2550 | Ossuary  | Reached XP level 6. HP: 37/53 MP: 8/8
  2574 | Ossuary  | Reached XP level 7. HP: 46/60 MP: 10/10
  2923 | Ossuary  | Reached XP level 8. HP: 67/67 MP: 12/12
  3754 | D:5      | Entered Level 5 of the Dungeon
  4297 | D:5      | Found a bloodstained altar of Trog.
  4297 | D:5      | Found an iron altar of Okawaru.
  4310 | D:5      | Became a worshipper of Warmaster Okawaru
  4632 | D:5      | Found a burning altar of Makhleb.
  5318 | D:6      | Found a glowing silver altar of Zin.
  5522 | D:6      | Reached * piety under Okawaru
  5523 | D:6      | Reached XP level 9. HP: 70/73 MP: 14/14
  5792 | D:6      | Noticed Zonian's ghost (novice VSGl)
  5793 | D:6      | Found a transporter.
  5797 | D:6      | Found a transporter.
  5799 | D:6      | Identified the +6 dire flail of Kismet {vamp, rPois Dex-5
                  | Stlth+}
  5846 | D:6      | Identified the +5 spear of Qekaelub {heavy, Contam Will+
                  | Str+2}
  6115 | D:7      | Found a staircase to the Ecumenical Temple.
  6257 | Temple   | Entered the Ecumenical Temple
  6271 | D:7      | Found a hazy altar of Hepliaklqana.
  6307 | D:7      | Found Kedoukka's Assorted Antiques.
  6310 | D:7      | Bought a scroll of identify for 58 gold pieces
  6312 | D:7      | Reached skill level 5 in Conjurations
  6312 | D:7      | Reached skill level 5 in Hexes
  6312 | D:7      | Reached skill level 5 in Summonings
  6312 | D:7      | Reached skill level 5 in Necromancy
  6312 | D:7      | Reached skill level 5 in Translocations
  6312 | D:7      | Reached skill level 5 in Transmutations
  6312 | D:7      | Reached skill level 5 in Fire Magic
  6312 | D:7      | Reached skill level 5 in Ice Magic
  6312 | D:7      | Reached skill level 5 in Air Magic
  6312 | D:7      | Reached skill level 5 in Earth Magic
  6312 | D:7      | Reached skill level 5 in Poison Magic
  6312 | D:7      | Reached XP level 10. HP: 83/83 MP: 15/19
  6313 | D:7      | Reached XP level 11. HP: 89/89 MP: 15/21
  6382 | D:7      | Found a snail-covered altar of Cheibriados.
  6395 | D:7      | Noticed bearlyready's ghost (novice AtFi)
  6405 | D:7      | Found a runed translucent gate.
  6405 | D:7      | Found a runed translucent gate.
  6406 | D:7      | Found a runed translucent gate.
  6414 | D:7      | Noticed Menkaure
  6429 | D:7      | Killed Menkaure
  6619 | D:7      | Found a shimmering blue altar of Sif Muna.
  6749 | D:7      | Found a glowing golden altar of the Shining One.
  7952 | D:8      | Noticed Grum
  8640 | D:8      | Killed Grum
  8735 | D:9      | Found a sacrificial altar of Ru.
  8735 | D:9      | Found a shimmering altar of Xom.
  9290 | D:9      | Noticed a two-headed ogre
  9298 | D:9      | Killed a two-headed ogre
  9298 | D:9      | Reached ** piety under Okawaru
  9299 | D:9      | Reached skill level 10 in Fighting
  9299 | D:9      | Reached skill level 10 in Armour
  9299 | D:9      | Reached skill level 10 in Shields
  9659 | D:9      | Found an ancient bone altar of Kikubaaqudgha.
  9663 | D:9      | Found a blossoming altar of Fedhas.
  9906 | D:9      | Got the Incunable of Warped Toxins
 10043 | D:9      | Identified a scroll of acquirement
 10044 | D:9      | Acquired a +1 pair of gloves of infusion
 10171 | D:3      | Bought the ring "Tuaryos" {Fly rElec Will+} for 371 gold
                  | pieces
 10406 | D:3      | Killed Demosthentine's ghost
 10540 | D:7      | Killed bearlyready's ghost
 10541 | D:7      | Reached XP level 12. HP: 97/97 MP: 11/23
 10813 | D:9      | HP: 1/97 [freezing wraith (21)]
 11785 | D:9      | Noticed Erolcha
 11808 | D:9      | Killed Erolcha
 11835 | D:9      | Reached *** piety under Okawaru
 12073 | D:10     | Entered Level 10 of the Dungeon
 12079 | D:10     | Noticed a two-headed ogre
 12109 | D:10     | Killed a two-headed ogre
 12402 | D:10     | Found a staircase to the Lair.
 13253 | D:11     | Identified the +0 short sword "Loadi Ommy" {heavy, rElec
                  | rC++ Will+}
 13381 | D:11     | Found a staircase to the Orcish Mines.
 13690 | D:11     | Reached **** piety under Okawaru
 14278 | D:11     | Reached ***** piety under Okawaru
 14561 | Lair:1   | Entered Level 1 of the Lair of Beasts
 14736 | Lair:1   | Received a gift from Okawaru
 14737 | Lair:1   | Reached XP level 13. HP: 96/104 MP: 17/25
 15270 | Lair:1   | Received a gift from Okawaru
 15503 | Lair:2   | Found a transporter.
 15524 | Lair:2   | Found a one-way gate to the infinite horrors of the Abyss.
 15549 | Lair:2   | Found a transporter.
 15581 | Lair:2   | Received a gift from Okawaru
 15645 | Lair:2   | Noticed somoking's ghost (journeyman GnHW)
 15820 | Lair:2   | Reached skill level 10 in Axes
 15973 | Lair:2   | Identified the +10 battleaxe of Desperation {drain, Fly rC+
                  | Str+3} (Okawaru gifted it to you on level 2 of the Lair of
                  | Beasts)
 15973 | Lair:2   | Received a gift from Okawaru
 16626 | Lair:2   | Found a hole to the Spider Nest.
 16819 | Lair:3   | Reached skill level 10 in Invocations
 16976 | Lair:3   | Found a staircase to the Swamp.
 17140 | Lair:3   | Found a gate leading to a gauntlet.
 17149 | Gauntlet | Entered a Gauntlet
 17149 | Gauntlet | Found a transporter.
 17149 | Gauntlet | Found a transporter.
 17154 | Gauntlet | Found a transporter.
 17169 | Gauntlet | Found a transporter.
 17183 | Gauntlet | Found a transporter.
 17196 | Gauntlet | Found a transporter.
 17212 | Gauntlet | Found a transporter.
 17278 | Gauntlet | Found a transporter.
 17293 | Gauntlet | Found a transporter.
 17307 | Gauntlet | Found a transporter.
 17320 | Gauntlet | Found a transporter.
 17322 | Gauntlet | Found a large runed translucent door.
 17322 | Gauntlet | Found a large runed translucent door.
 17323 | Gauntlet | Found a large runed translucent door.
 17323 | Gauntlet | Found a large runed translucent door.
 17324 | Gauntlet | Found a large runed translucent door.
 17324 | Gauntlet | Found a large runed translucent door.
 17324 | Gauntlet | Found a runed translucent door.
 17324 | Gauntlet | Found a runed translucent door.
 17324 | Gauntlet | Found a large runed translucent door.
 17325 | Gauntlet | Found a large runed translucent door.
 17332 | Gauntlet | Found a large runed translucent door.
 17332 | Gauntlet | Found a large runed translucent door.
 17333 | Gauntlet | Found a large runed translucent door.
 17333 | Gauntlet | Found a large runed translucent door.
 17334 | Gauntlet | Found a large runed translucent door.
 17334 | Gauntlet | Found a large runed translucent door.
 17398 | Gauntlet | Found a transporter.
 17410 | Gauntlet | Found a transporter.
 17414 | Gauntlet | Found a large runed translucent door.
 17415 | Gauntlet | Found a large runed translucent door.
 17417 | Gauntlet | Found a runed translucent gate.
 17418 | Gauntlet | Found a transporter.
 17418 | Gauntlet | Found a runed translucent gate.
 17419 | Gauntlet | Found a runed translucent gate.
 17442 | Gauntlet | Found a transporter.
 17452 | Gauntlet | Found a transporter.
 17512 | Gauntlet | Reached XP level 14. HP: 113/113 MP: 24/27
 17553 | Gauntlet | Received a gift from Okawaru
 17564 | Gauntlet | Got Caosin's Codex of the Transformed Missiles
 17762 | Gauntlet | Identified the ring "Zytuocaib" {Wiz rElec Will+ rCorr
                  | Dex-4}
 17811 | Gauntlet | Identified the staff of death "Bepruiv" {rF- rN+ rCorr
                  | Dex-4 SInv}
 18375 | Lair:3   | Received a gift from Okawaru
 19100 | Lair:4   | Identified the +2 hat of the Loofah {rElec rC- Dex+5}
                  | (Okawaru gifted it to you on level 4 of the Lair of Beasts)
 19100 | Lair:4   | Received a gift from Okawaru
 19265 | Lair:4   | Found a staircase to the Slime Pits.
 20007 | Lair:5   | Entered Level 5 of the Lair of Beasts
 20185 | Arena    | Entered the Arena
 20514 | Lair:5   | Reached skill level 10 in Short Blades
 20514 | Lair:5   | Reached skill level 10 in Long Blades
 20514 | Lair:5   | Reached skill level 10 in Maces & Flails
 20514 | Lair:5   | Reached skill level 10 in Polearms
 20514 | Lair:5   | Reached skill level 10 in Staves
 20514 | Lair:5   | Reached skill level 10 in Ranged Weapons
 20514 | Lair:5   | Reached skill level 10 in Throwing
 20514 | Lair:5   | Reached skill level 10 in Dodging
 20514 | Lair:5   | Reached skill level 10 in Stealth
 20514 | Lair:5   | Reached skill level 10 in Unarmed Combat
 20514 | Lair:5   | Reached skill level 10 in Spellcasting
 20514 | Lair:5   | Reached skill level 10 in Evocations
 21966 | Lair:5   | Identified the +11 trident "Rumycw" {antimagic, rC- Str+5
                  | Int+5}
 22012 | Lair:5   | Noticed cforsyth's ghost (journeyman OgIE)
 22019 | Lair:5   | Found a runed translucent gate.
 22019 | Lair:5   | Found a runed translucent gate.
 22020 | Lair:5   | Found a runed translucent gate.
 22029 | Lair:5   | Reached ****** piety under Okawaru
 22030 | Lair:5   | Reached XP level 15. HP: 89/120 MP: 17/29
 22038 | Lair:5   | Received a gift from Okawaru
 22998 | Orc:1    | Entered Level 1 of the Orcish Mines
 23357 | Orc:2    | Entered Level 2 of the Orcish Mines
 23722 | Orc:2    | Found Tietsesiha's Armour Emporium.
 23786 | Orc:2    | Found a staircase to the Elven Halls.
 23831 | Orc:2    | Found Gymogetan's Armour Emporium.
 24117 | Orc:2    | Received a gift from Okawaru
 24228 | Orc:2    | Noticed an orc warlord
 24261 | Orc:2    | Killed an orc warlord
 24728 | Orc:2    | Received a gift from Okawaru
 24790 | Orc:2    | Killed from afar by an orc high priest

Illustrated notes

Levels and vault maps discovered:
D:1:      minmay_arrival_stone_box, layout_basic,
          shapermc_ecumenical_altar_petra, minmay_misc_feat_pillars,
          chequers_mini_garden
D:2:      layout_basic
D:3:      wander_river, layout_loops_cross, mainiacjoe_overflow_catwalk,
          serial_glass, glass_columns_a, glass_columns_a, feat_on_display,
          due_unseen_surprise, item_on_display_a, item_on_display_a,
          serial_shops, shop, ebering_ghost_disaster_area
D:4:      layout_basic, lemuel_crystal_altar,
          nicolae_gozag_cash_rules_everything_around_me,
          nicolae_dithmenos_through_a_glass_darkly, nicolae_ossuary_entry_ruins
D:5:      layout_basic, grunt_temple_overflow_bloody_war,
          mainiacjoe_overflow_surrounded_room
D:6:      minmay_general_purpose_star, layout_layer_cave, kennysheep_little_box,
          gammafunk_ghost_smash, dreamdust_princess_bridge
D:7:      layout_basic, lemuel_round_altar, mainiacjoe_overflow_tiny_flanked,
          mainiacjoe_overflow_cross_hatched,
          mainiacjoe_overflow_small_starburst, minmay_temple_entry_glass,
          serial_shops, nicolae_shop_behind_doors, gammafunk_ghost_split,
          uniq_menkaure
D:8:      layout_cave_pools, uniq_grum
D:9:      lemuel_ogre_cave, layout_layer_cave,
          grunt_temple_overflow_growth_and_decay, grunt_temple_overflow_open
D:10:     layout_basic, lair_entry_dummy, minmay_misc_feat_square
D:11:     layout_gridville, david_orc_5
Temple:   hellmonk_temple_rainy
Lair:1:   layout_big_grid
Lair:2:   layout_long_grid, nicolae_spider_entry_tight_spaces,
          gammafunk_ghost_abyssal_escape
Lair:3:   nzn_motion_control, layout_regular_city, skrybe_swamp_entry_bodies,
          gauntlet_entry_generic, infiniplex_staircase_pool_2,
          grunt_megastairs_3
Lair:4:   layout_concentric_octagons, nicolae_slime_entry_slimehenge,
          infiniplex_staircase_pool
Lair:5:   gammafunk_lair_ancient_temple, layout_loops_ring,
          gammafunk_ghost_split, hibernation_bobbens
Orc:1:    nicolae_orc_accident_2, layout_caves,
          gammafunk_ghost_wrathful_warriors, minmay_orc_temple_b, uniq_snorg
Orc:2:    grunt_orc_community_town_hall, layout_diamond_mine,
          grunt_orc_community_big_house_1, grunt_orc_community_big_house_2,
          grunt_orc_community_house_2, grunt_orc_community_house_1,
          grunt_orc_community_house_2, grunt_orc_community_house_3,
          enter_volcano_2

Skill      XL: |  1  2  3  4  5  6  7  8  9 10 11 12 13 14 |
---------------+-------------------------------------------+-----
Invocations    | 1 2 3 4 6 7 8 9 10 11 | 11.5
Short Blades   | 1 2 3 6 7 8 9 10 | 10.6
Long Blades    | 1 2 3 6 7 8 9 10 | 10.6
Maces & Flails | 1 2 3 6 7 8 9 10 | 10.6
Polearms       | 1 2 3 6 7 8 9 10 | 10.6
Staves         | 1 2 3 6 7 8 9 10 | 10.6
Ranged Weapons | 1 2 3 6 7 8 9 10 | 10.6
Throwing       | 1 2 3 6 7 8 9 10 | 10.6
Dodging        | 1 2 3 6 7 8 9 10 | 10.6
Stealth        | 1 2 3 6 7 8 9 10 | 10.6
Unarmed Combat | 1 2 3 6 7 8 9 10 | 10.6
Spellcasting   | 1 2 3 6 7 8 9 10 | 10.6
Evocations     | 1 2 3 6 7 8 9 10 | 10.6
Conjurations   | 1 2 3 5 6 7 8 |  8.9
Hexes          | 1 2 3 5 6 7 8 |  8.9
Summonings     | 1 2 3 5 6 7 8 |  8.9
Necromancy     | 1 2 3 5 6 7 8 |  8.9
Translocations | 1 2 3 5 6 7 8 |  8.9
Transmutations | 1 2 3 5 6 7 8 |  8.9
Fire Magic     | 1 2 3 5 6 7 8 |  8.9
Ice Magic      | 1 2 3 5 6 7 8 |  8.9
Air Magic      | 1 2 3 5 6 7 8 |  8.9
Earth Magic    | 1 2 3 5 6 7 8 |  8.9
Poison Magic   | 1 2 3 5 6 7 8 |  8.9
Axes           | 5 6 7 8 9 10 11 | 11.5
Fighting       | 7 9 10 11 12 | 12.3
Armour         | 7 9 10 11 12 | 12.3
Shields        | 7 9 10 11 12 | 12.3

Action                     |  1- 3 |  4- 6 |  7- 9 | 10-12 | 13-15 || total
---------------------------+-------+-------+-------+-------+-------++-------
  Melee: War axe           |    91 |    58 |   239 |       |    14 ||   402
         Bite              |     3 |     5 |    29 |    70 |    82 ||   189
         Broad axe         |       |       |    22 |   531 |   792 ||  1345
  Throw: Dart              |       |       |     2 |    53 |   132 ||   187
         Javelin           |       |       |       |     5 |     1 ||     6
         Throwing net      |       |       |       |     1 |       ||     1
         Boomerang         |       |       |       |       |     6 ||     6
 Invoke: Heroism           |       |       |       |     5 |     5 ||    10
         Finesse           |       |       |       |       |     4 ||     4
         Duel              |       |       |       |       |     1 ||     1
  Evoke: Wand              |       |     3 |       |     4 |     4 ||    11
    Use: Scroll            |     7 |       |     8 |     9 |     4 ||    28
         Potion            |       |     1 |     1 |     7 |       ||     9
 Armour: Scale mail        |    35 |       |       |       |       ||    35
         Plate armour      |    17 |    62 |   155 |   304 |   263 ||   801
  Dodge: Dodged            |    42 |     6 |    66 |   201 |   173 ||   488
  Block: Buckler           |    25 |    22 |    45 |       |       ||    92
         Kite shield       |       |       |    29 |   373 |   227 ||   629
         Tower shield      |       |       |       |       |   597 ||   597
         Reflection        |       |       |       |       |    10 ||    10

Table legend: (Time is in decaauts)
 A = Elapsed time spent in this place.
 B = Non-inter-level travel time spent in this place.
 C = Inter-level travel time spent in this place.
 D = Time resting spent in this place.
 E = Time spent auto-exploring this place.
 F = Levels seen in this place.
 G = Mean time per level.
                   A        B        C        D        E       F      G
               +--------+--------+--------+--------+--------+-----+--------+
         Total |  25263 |  22882 |   2381 |   3688 |  14354 |  22 | 1148.3 |
       Dungeon |  14540 |  12670 |   1870 |   1791 |   8751 |  11 | 1321.8 |
        Temple |      1 |      1 |      0 |      0 |      0 |   1 |    1.0 |
          Lair |   7177 |   6718 |    459 |   1200 |   3896 |   5 | 1435.4 |
  Orcish Mines |   1812 |   1761 |     51 |    187 |   1085 |   2 |  906.0 |
       Ossuary |    864 |    864 |      0 |    396 |    140 |   1 |  864.0 |
      Gauntlet |    849 |    849 |      0 |    113 |    481 |   1 |  849.0 |
         Arena |     17 |     17 |      0 |      0 |      0 |   1 |   17.0 |
               +--------+--------+--------+--------+--------+-----+--------+

Top non-repeatable levels by time:
     D:9: 2424 daAuts
  Lair:5: 1728 daAuts
     D:7: 1717 daAuts
  Lair:2: 1602 daAuts
  Lair:4: 1599 daAuts
     D:8: 1501 daAuts
   Orc:2: 1449 daAuts
     D:5: 1406 daAuts
  Lair:3: 1388 daAuts
     D:6: 1366 daAuts
    D:11: 1330 daAuts
     D:3: 1177 daAuts
    D:10: 1084 daAuts
     D:4: 980 daAuts
 Ossuary: 864 daAuts
